 Dungeon Crawl Stone Soup version 0.23.2-30-g0e89c35649 (webtiles) character file.

Game seed: 10353522034194077288

10 troglodite the Charmwright (level 2, 0/25 HPs)
             Began as a Draconian Skald on June 24, 2019.
             Slain by a leopard gecko (3 damage)
             ... on level 1 of the Dungeon.
             The game lasted 00:01:24 (186 turns).

troglodite the Charmwright (Draconian Skald)         Turns: 186, Time: 00:01:24

Health: 0/25       AC:  4    Str: 13    XL:     2   Next: 10%
Magic:  5/5        EV: 12    Int: 13    God:
Gold:   0          SH:  0    Dex: 10    Spells: 4/5 levels left

rFire    . . .     SeeInvis .   a - +0 spear
rCold    . . .     Gourm    .   (no shield)
rNeg     . . .     Faith    .   (armour unavailable)
rPois    .         Spirit   .   (helmet restricted)
rElec    .         Reflect  .   (no cloak)
rCorr    .         Harm     .   (no gloves)
MR       .....                  (no boots)
Stlth    +.........             (no amulet)
HPRegen  0.08/turn              (no ring)
MPRegen  0.09/turn              (no ring)

@: infused
A: unfitting armour, cold-blooded, AC +4
a: no special abilities


You were on level 1 of the Dungeon.
You were not hungry.

You visited 1 branch of the dungeon, and saw 1 of its levels.

Inventory:

Hand Weapons
 a - a +0 spear (weapon)
Scrolls
 b - a scroll of fog {unknown}
 d - a scroll of teleportation {unknown}
 g - a scroll of enchant weapon {unknown}
 h - a scroll of identify {unknown}
Potions
 e - a potion of flight {unknown}
 i - a potion of lignification {unknown}
Comestibles
 c - a ration
 f - 2 chunks of flesh


   Skills:
 * Level 2.3 Fighting
 + Level 2.0 Polearms
 + Level 2.2 Dodging
 * Level 2.1 Spellcasting
 * Level 3.0 Charms


You had 4 spell levels left.
You knew the following spells:

 Your Spells              Type           Power        Failure   Level  Hunger
a - Infusion              Chrm           #...         8%          1    ##.....

Your spell library contained the following spells:

 Spells                   Type           Power        Failure   Level  Hunger
 Song of Slaying          Chrm           #.......     11%         2    ###....
 Shroud of Golubria       Chrm/Tloc      #.........   21%         2    ###....
 Regeneration             Chrm/Necr      #.........   38%         3    ####...
 Spectral Weapon          Hex/Chrm       #.......     38%         3    ####...


Dungeon Overview and Level Annotations

Branches:
Dungeon (1/15)

Altars:


Innate Abilities, Weirdness & Mutations

Your plain brown scales are hard. (AC +4)
You cannot fit into any form of body armour.
You are cold-blooded and may be slowed by cold attacks.


Message History

The gnoll hits you but does no damage.
You barely miss the leopard gecko. The leopard gecko barely misses you.
The gnoll barely misses you.
You hit the leopard gecko.
The leopard gecko is moderately wounded.
The leopard gecko closely misses you.
The gnoll hits you from afar with a +0 spear.
Casting: Infusion (safe; 8% risk of failure)
Confirm with . or Enter, or press ? or * to list all spells.
You begin infusing your attacks with magical energy.
The leopard gecko completely misses you.
The leopard gecko closely misses you.
The gnoll hits you from afar with a +0 spear!
* * * LOW HITPOINT WARNING * * *
Unknown command.
The leopard gecko barely misses you.
Found 10 gold pieces.
The leopard gecko bites you but does no damage.
The leopard gecko bites you.
You die...

≈P.....P≈≈≈≈# #.......#######
≈≈P.<.P≈≈≈≈≈#### #.####..#####
≈P.....P≈≈≈≈#..###...........#
P.......P≈≈≈#................#
.........P≈≈#..##...#.....÷..#
..........P≈#.......#........#
...........P#...#............#
####....#.##.#.......#>......#
#...........#@#...........#
#######l###.###.#...# #.# #.#
#..###. ##.# .# #.. .. . #g.#
.. ####.## ... #.....# ....
#g##..# .$...##.##w.#


You could see a gnoll and a leopard gecko.

Vanquished Creatures
  An ooze (D:1)
  3 bats (D:1)
  A goblin (D:1)
  A frilled lizard (D:1)
  A rat (D:1)
7 creatures vanquished.

Notes
Turn   | Place    | Note
-------+----------+-------------------------------------------
     0 | D:1      | troglodite the Draconian Skald began the quest for the Orb.
     0 | D:1      | Reached XP level 1. HP: 17/17 MP: 3/3
   120 | D:1      | Reached skill level 3 in Charms
   120 | D:1      | Reached XP level 2. HP: 25/25 MP: 5/5
   170 | D:1      | HP: 1/25 [gnoll/+0 spear (12)]
   186 | D:1      | Slain by a leopard gecko

Skill      XL: |  1 |
---------------+----+-----
Charms         | 3 |  3.0
Fighting       | |  2.3
Polearms       | |  2.0
Dodging        | |  2.2
Spellcasting   | |  2.1

Action                   || total
-------------------------++-------
Melee: Spear             ||    30
       Tailslap          ||     4
 Cast: Infusion          ||     1
Armor: Skin              ||    13
Dodge: Dodged            ||    34
